AoeStats
← CovidBryan

Lombardia

508938866Analyzed
2v2 RM · 9d ago on Sep 24, 2026· 29m 33s· 4 players
Game mode
Random Map
Map size
Medium (4 player)
Population
200
Speed
Normal
Resources
Standard
Victory
Conquest
Starting age
Dark Age
Ending age
Imperial Age
RankedLock teamsTeams togetherTeam positionsShared explorationLock speedFull tech treeHidden civsTurbo modeCheats
Victory
Defeat
🇪🇸 Vietnamese · Spain
1198
+15
🇪🇸 Bulgarians · Spain
1176
+15
1165
-15
🇦🇷 Berbers · Argentina
1165
-15
[TLGA] - Wendy Sulka
6:24 Loom
8:56 Feudal Age
10:11 Double-Bit Axe
12:38 Horse Collar
16:38 Wheelbarrow
20:29 Castle Age
19:13 Gold Mining
21:58 Bow Saw
22:16 Heavy Plow
22:37 Bloodlines
23:28 Hand Cart
23:03 Town Watch
23:58 Fletching
24:48 Scale Barding Armor
27:45 Chain Barding Armor
29:02 Husbandry
[TLGA] - La Tigresa del Oriente
3:19 Loom
4:30 Loom
10:59 Feudal Age
15:29 Castle Age
14:59 Double-Bit Axe
15:01 Horse Collar
22:25 Heavy Plow
26:22 Scale Barding Armor
sergiwhitehouse
6:28 Loom
9:53 Feudal Age
10:24 Double-Bit Axe
13:29 Gold Mining
18:48 Castle Age
17:19 Fletching
17:30 Padded Archer Armor
17:19 Horse Collar
18:09 Padded Archer Armor
19:44 Bow Saw
20:00 Crossbowman
20:38 Bodkin Arrow
22:57 Leather Archer Armor
23:44 Ballistics
24:15 Wheelbarrow
24:08 Stone Mining
26:17 Thumb Ring
28:25 Hand Cart
CovidBryan
0:49 Loom
2:46 Loom
10:33 Feudal Age
11:07 Double-Bit Axe
15:09 Horse Collar
20:38 Castle Age
19:23 Bloodlines
20:21 Scale Barding Armor
20:26 Forging
21:43 Heavy Plow
21:56 Bow Saw
22:08 Chain Barding Armor
23:31 Wheelbarrow
24:31 Iron Casting
25:41 Gold Mining
Connection lost

Rejoining the realm…

Still unreachable

The connection could not be restored.

Session expired

The server has moved on; the page needs a fresh start.